 Dungeon Sprint DCSS version 0.29.1-15-g9cfb28693d (webtiles) character file.

Game seed: 183207867267433899

15177 boopmooplesden the Phalangite (level 11, -10/186 HPs)
             Began as a Minotaur Fighter on Mar 10, 2023.
             Was the Champion of Trog.
             Mangled by a two-headed ogre
             ... wielding a +0 giant club
              (22 damage)
             ... in the Dungeon (Sprint IX: "|||||||||||||||||||||||||||||").
             The game lasted 00:03:58 (1913 turns).

boopmooplesden the Phalangite (Minotaur Fighter)    Turns: 1913, Time: 00:03:59

Health: -10/186    AC: 20    Str: 25    XL:     11   Next: 98%
Magic:  10/10      EV: 11    Int:  5    God:    Trog [******]
Gold:   1332       SH:  0    Dex: 16    Spells: 10/10 levels left

rFire   . . .      SeeInvis .   l - +9 halberd (venom)
rCold   . . .      Faith    .   (shield currently unavailable)
rNeg    . . .      Spirit   .   w - +0 plate armour
rPois   .          Reflect  .   b - +0 hat {Will+}
rElec   .          Harm     .   u - +0 cloak
rCorr   .          Rampage  .   m - +0 pair of gloves
Will    +....      NoTele   +   (no boots)
Stlth   ..........              (no amulet)
HPRegen 0.41/turn               p - +3 ring of dexterity
MPRegen 0.12/turn               o - +3 ring of dexterity

@: berserking, very quick
A: horns 2, retaliatory headbutt
a: Renounce Religion, Berserk, Trog's Hand, Brothers in Arms


You were in the Dungeon.
You worshipped Trog.
Trog was exalted by your worship.
You visited 1 branch You collected 1332 gold pieces.

Inventory:

Hand Weapons
 a - a +0 trident
 l - a +9 halberd of venom (weapon)
 t - a +1 antimagic glaive
 x - a +5 vorpal trident
Armour
 b - a +0 hat of willpower (worn)
 c - a +0 buckler
 m - a +0 pair of gloves (worn)
 n - a +2 ring mail
 u - a +0 cloak (worn)
 v - a +0 pair of gloves
 w - a +0 plate armour (worn)
Jewellery
 o - a +3 ring of dexterity (right hand)
 p - a +3 ring of dexterity (left hand)
Wands
 k - a wand of acid (10)
Scrolls
 j - 3 scrolls of blinking
 r - a scroll of enchant weapon
 s - a scroll of fear
Potions
 d - a potion of might
 e - 9 potions of curing
 f - 2 potions of heal wounds
 g - a potion of haste
 h - 4 potions of magic
 i - a potion of invisibility
 q - a potion of berserk rage


   Skills:
 + Level 20.0 Fighting
 + Level 22.4 Polearms
 + Level 15.1 Armour
 + Level 7.6 Dodging
 + Level 2.6 Stealth
 + Level 11.6 Shields


You had 10 spell levels left.
You didn't know any spells.
Your spell library was empty.

Dungeon Overview and Level Annotations

Branches:
Dungeon (1/1)

Altars:
Cheibriados
Dithmenos
Elyvilon
Fedhas
Gozag
Hepliaklqana
Kikubaaqudgha
Makhleb
Nemelex Xobeh
Okawaru
Qazlal
Ru
Sif Muna
Trog
Uskayaw
Vehumet
Wu Jian
Xom
Yredelemnul
Zin
The Shining One
Jiyva
Lugonu

Shops:
D !*[?


Innate Abilities, Weirdness & Mutations

You have a pair of horns on your head.
You reflexively headbutt those who attack you in melee.


Message History

The two-headed ogre hits you but does no damage. x2
You slice the two-headed ogre!!
The two-headed ogre looks as sick as possible!
You headbutt the two-headed ogre!
The two-headed ogre is severely wounded.
You slice the two-headed ogre!!
You feel the power of Trog in you as your rage grows.
You kill the two-headed ogre!
Trog accepts your kill.
Your Armour skill increases to level 15!
The two-headed ogre hits you with a +0 giant club!
* * * LOW HITPOINT WARNING * * *
The two-headed ogre misses you.
Items here: $ )) †.
You slice the two-headed ogre!!
The two-headed ogre looks as sick as possible!
You headbutt the two-headed ogre!!
You kill the two-headed ogre!
Trog accepts your kill.
Your Fighting skill increases to level 20!
The ogre barely misses you.
There is an entrance to Lejol's Armour Emporium here.
Things that are here:
a +0 giant club; a +0 giant club You impale the ogre!!
You kill the ogre!
Trog accepts your kill.
The two-headed ogre hits you with a +0 giant club!!
* * * LOW HITPOINT WARNING * * *
The two-headed ogre hits you with a +0 giant club.
* * * LOW HITPOINT WARNING * * *
Things that are here:
a +0 giant club; 50 gold pieces You barely miss the two-headed ogre.
You slice the two-headed ogre!!
The two-headed ogre is moderately wounded.
You slash the two-headed ogre!
The two-headed ogre is poisoned.
The two-headed ogre is severely wounded.
The two-headed ogre hits you with a +0 giant club!!
You die...

▓?▓.▓†▓.▓)▓
▓)▓.▓.▓.▓$▓
▓.▓.▓.▓.▓$▓
▓[▓.▓.▓.▓∩▓
▓.▓.▓.▓.▓)▓
▓.▓.▓.▓.▓∩▓
▓.▓.▓.▓.▓)▓
▓.▓.▓(▓.▓∩▓
▓[▓.▓.▓.▓@▓
▓÷▓.▓(▓.▓O▓
▓.▓.▓)▓†▓O▓
▓.▓.▓'▓.▓$▓
▓.▓.▓.▓.▓$▓
▓.▓.▓.▓.▓.▓
▓)▓.▓[▓.▓.▓
▓)▓.▓.▓.▓+▓
▓)▓.▓.▓.▓


You could see a two-headed ogre (very poisoned) and an ogre mage.

Vanquished Creatures
  Gastronok (D)
  A boulder beetle (D)
  An ogre mage (D)
  5 two-headed ogres (D)
  3 orc knights (D)
  2 lindwurms (D)
  2 deep elf pyromancers (D)
  3 black mambas (D)
  2 elephants (D)
  Psyche (D)
  2 cane toads (D)
  A rime drake (D)
  An unseen horror (D)
  2 komodo dragons (D)
  2 trolls (D)
  A tyrant leech (D)
  5 yaks (D)
  A wyvern (D)
  10 orc warriors (D)
  5 ogres (D)
  2 wolves (D)
  A phantom (D)
  2 bullfrogs (D)
  A scorpion (D)
  A killer bee (D)
  2 howler monkeys (D)
  3 orc priests (D)
  A gnoll bouda (D)
  An iguana (D)
  4 orc wizards (D)
  5 worms (D)
  6 orcs (D)
  A ball python (D)
  A giant cockroach (D)
  A hobgoblin (D)
  A jackal (D)
  A quokka (D)
  A rat (D)
86 creatures vanquished.

Notes
Turn   | Place    | Note
-------+----------+-------------------------------------------
     0 | D        | boopmooplesden the Minotaur Fighter began the quest for the
                  | Orb.
     0 | D        | Reached XP level 1. HP: 19/19 MP: 0/0
    18 | D        | Noticed an iguana
    18 | D        | Noticed a phantom
    18 | D        | Noticed a gnoll bouda
    18 | D        | Noticed a scorpion
    21 | D        | Killed an iguana
    22 | D        | Reached skill level 5 in Fighting
    22 | D        | Reached skill level 3 in Polearms
    22 | D        | Reached skill level 5 in Armour
    22 | D        | Reached skill level 5 in Shields
    22 | D        | Reached XP level 2. HP: 21/29 MP: 1/1
    22 | D        | Reached XP level 3. HP: 27/36 MP: 2/2
    26 | D        | Killed a phantom
    27 | D        | Reached skill level 4 in Polearms
    27 | D        | Reached XP level 4. HP: 36/47 MP: 3/3
    32 | D        | Killed a scorpion
    33 | D        | Reached skill level 5 in Polearms
    33 | D        | Reached XP level 5. HP: 40/53 MP: 4/4
    38 | D        | Found a snail-covered altar of Cheibriados.
    38 | D        | Found a shadowy altar of Dithmenos.
    38 | D        | Found a white marble altar of Elyvilon.
    38 | D        | Found a blossoming altar of Fedhas.
    38 | D        | Found an opulent altar of Gozag.
    39 | D        | Found a hazy altar of Hepliaklqana.
    40 | D        | Found a viscous altar of Jiyva.
    41 | D        | Found an ancient bone altar of Kikubaaqudgha.
    42 | D        | Found a corrupted altar of Lugonu.
    43 | D        | Found a burning altar of Makhleb.
    44 | D        | Found a sparkling altar of Nemelex Xobeh.
    45 | D        | Found an iron altar of Okawaru.
    46 | D        | Found a stormy altar of Qazlal.
    47 | D        | Found a sacrificial altar of Ru.
    48 | D        | Found a shimmering blue altar of Sif Muna.
    49 | D        | Found a bloodstained altar of Trog.
    50 | D        | Found a hide-covered altar of Uskayaw.
    51 | D        | Found a radiant altar of Vehumet.
    52 | D        | Found an ornate altar of the Wu Jian Council.
    53 | D        | Found a shimmering altar of Xom.
    54 | D        | Found a basalt altar of Yredelemnul.
    55 | D        | Found a glowing silver altar of Zin.
    56 | D        | Found a glowing golden altar of the Shining One.
    59 | D        | Became a worshipper of Trog the Wrathful
   173 | D        | Noticed a yak
   173 | D        | Noticed a troll
   173 | D        | Noticed a troll
   173 | D        | Noticed a yak
   176 | D        | Reached skill level 6 in Polearms
   178 | D        | Reached XP level 6. HP: 59/63 MP: 5/5
   180 | D        | Killed a yak
   180 | D        | Reached * piety under Trog
   181 | D        | Reached skill level 10 in Fighting
   181 | D        | Reached skill level 7 in Polearms
   183 | D        | Killed a troll
   184 | D        | Reached skill level 9 in Polearms
   184 | D        | Reached skill level 10 in Armour
   184 | D        | Reached skill level 10 in Shields
   184 | D        | Reached XP level 7. HP: 70/73 MP: 6/6
   187 | D        | Killed a troll
   188 | D        | Reached skill level 10 in Polearms
   189 | D        | Killed a yak
   189 | D        | Reached ** piety under Trog
   467 | D        | Noticed a deep elf pyromancer
   467 | D        | Noticed a boulder beetle
   467 | D        | Noticed a deep elf pyromancer
   470 | D        | Killed a deep elf pyromancer
   471 | D        | Reached skill level 11 in Polearms
   471 | D        | Reached skill level 1 in Dodging
   471 | D        | Reached XP level 8. HP: 85/85 MP: 7/7
   486 | D        | Killed an unseen horror
   486 | D        | Reached *** piety under Trog
   487 | D        | Reached skill level 12 in Polearms
   489 | D        | Killed a deep elf pyromancer
   490 | D        | Reached skill level 13 in Polearms
   490 | D        | Reached XP level 9. HP: 65/93 MP: 8/8
   495 | D        | Killed a boulder beetle
   495 | D        | Reached **** piety under Trog
   496 | D        | Reached skill level 14 in Polearms
   751 | D        | Noticed a black mamba
   751 | D        | Noticed a black mamba
   751 | D        | Noticed a rime drake
   757 | D        | Reached skill level 15 in Polearms
   766 | D        | Killed a black mamba
   773 | D        | Killed a black mamba
   774 | D        | Reached skill level 16 in Polearms
   776 | D        | Killed a rime drake
   776 | D        | Reached ***** piety under Trog
   777 | D        | Reached XP level 10. HP: 60/104 MP: 9/9
   785 | D        | Reached skill level 15 in Fighting
  1044 | D        | Noticed an elephant
  1044 | D        | Noticed a cane toad
  1044 | D        | Noticed a cane toad
  1046 | D        | Noticed an elephant
  1047 | D        | Reached skill level 17 in Polearms
  1050 | D        | Killed an elephant
  1051 | D        | Killed a cane toad
  1051 | D        | Received a gift from Trog
  1052 | D        | Noticed a black mamba
  1055 | D        | Reached skill level 18 in Polearms
  1061 | D        | Killed a cane toad
  1065 | D        | Killed an elephant
  1067 | D        | Killed a black mamba
  1068 | D        | Reached skill level 19 in Polearms
  1068 | D        | Reached skill level 5 in Dodging
  1070 | D        | Received a gift from Trog
  1087 | D        | Noticed a lindwurm
  1099 | D        | Killed a lindwurm
  1101 | D        | Received a gift from Trog
  1102 | D        | Noticed a lindwurm
  1107 | D        | Killed a lindwurm
  1108 | D        | Reached skill level 1 in Stealth
  1291 | D        | Noticed Gastronok
  1306 | D        | Killed Gastronok
  1307 | D        | Reached skill level 20 in Polearms
  1307 | D        | Reached XP level 11. HP: 88/117 MP: 10/10
  1341 | D        | Noticed Psyche
  1348 | D        | Killed Psyche
  1389 | D        | Received a gift from Trog
  1392 | D        | Reached ****** piety under Trog
  1398 | D        | Noticed an orc knight
  1411 | D        | Killed an orc knight
  1411 | D        | Received a gift from Trog
  1695 | D        | Noticed an orc knight
  1699 | D        | Killed an orc knight
  1704 | D        | Reached skill level 21 in Polearms
  1705 | D        | Noticed an orc knight
  1708 | D        | Received a gift from Trog
  1715 | D        | Killed an orc knight
  1727 | D        | Received a gift from Trog
  1867 | D        | Found Moanetwe's Distillery.
  1867 | D        | Noticed an ogre mage
  1867 | D        | Noticed a two-headed ogre
  1871 | D        | Noticed a two-headed ogre
  1879 | D        | Killed an ogre mage
  1883 | D        | Killed a two-headed ogre
  1884 | D        | Found Ishraxkua's General Store.
  1886 | D        | Killed a two-headed ogre
  1891 | D        | Found Lejol's Armour Emporium.
  1893 | D        | Noticed a two-headed ogre
  1894 | D        | Found Inowia Reol's Magic Scroll Shoppe.
  1895 | D        | Noticed a two-headed ogre
  1896 | D        | Noticed a two-headed ogre
  1901 | D        | Killed a two-headed ogre
  1901 | D        | Received a gift from Trog
  1902 | D        | Reached skill level 22 in Polearms
  1902 | D        | Noticed a two-headed ogre
  1903 | D        | Noticed an ogre mage
  1905 | D        | Killed a two-headed ogre
  1906 | D        | Reached skill level 15 in Armour
  1907 | D        | Killed a two-headed ogre
  1913 | D        | Mangled by a two-headed ogre

Illustrated notes

Levels and vault maps discovered:
D:        linesprint [early_d, line_temple, items_1, d_10, items_2, lair_1,
          lair_end, items_3, orc_1, orc_end, items_4, d_15, swamp_1, shoals_1,
          snake_1, spider_1, d_20, vaults_1, items_5, swamp_end, shoals_end,
          snake_end, spider_end, vaults_end, d_27, items_6, zot_1, zot_end,
          crypt_end, forest_end, elf_end, slime_end, tomb_end, abyss_end,
          pan_hell_end]

Skill      XL: |  1  2  3  4  5  6  7  8  9 10 11 |
---------------+----------------------------------+-----
Fighting       | 5 7 8 9 10 12 13 14 17 20 | 20.0
Armour         | 5 7 8 10 11 12 13 15 | 15.1
Shields        | 5 6 7 8 10 11 | 11.6
Polearms       | 3 4 5 6 9 11 13 16 20 22 | 22.4
Dodging        | 1 2 3 6 7 |  7.6
Stealth        | 1 2 |  2.6

Action                   |  1- 3 |  4- 6 |  7- 9 | 10-12 || total
-------------------------+-------+-------+-------+-------++-------
Melee: Trident           |    14 |     6 |       |       ||    20
       Headbutt          |     2 |     3 |    10 |    37 ||    52
       Halberd           |       |     9 |    52 |   146 ||   207
Invok: Berserk           |       |     1 |     2 |     4 ||     7
       Trog's Hand       |       |       |       |     1 ||     1
  Use: Potion            |     1 |       |     1 |     2 ||     4
       Scroll            |       |       |     7 |       ||     7
Armor: Scale mail        |     6 |       |       |       ||     6
       Ring mail         |       |     3 |    20 |    19 ||    42
       Plate armour      |       |       |       |    10 ||    10
Dodge: Dodged            |     4 |     8 |    13 |    44 ||    69
Block: Buckler           |     3 |       |       |       ||     3
